[Event "Sunday 22 April Rapid Engine Tour 12+1 Rounds 9 Starts 1600ST"]
[Site "Infinity Chess"]
[Date "2018.4.22"]
[Round "7"]
[White "Seliga"]
[Black "ocirema"]
[Result "1/2-1/2"]
[ECO "C50"]
[WhiteElo "2457"]
[BlackElo "2418"]
[WhiteEngine "AsmFish A12_CTG"]
[BlackEngine "stockfish_18041820_x64_modern_CTG"]
[EventType "Swiss"]
[WhiteTeam ""]
[BlackTeam ""]
[PlyCount "113"]
[TimeControl "720+1"]

1. e4 e5 2. Nf3 Nc6 3. Bc4 Bc5 4. d3 Nf6 5. O-O d6 6. c3 a5 7. Re1 Ba7 
8. Nbd2 O-O 9. Nf1 Be6 10. Bb5 Ne7 11. d4 exd4 12. Nxd4 Ng6 13. Ba4 h6 
14. Be3 Bc8 15. Bc2 Re8 16. h3 Nxe4 17. Bxh6 Nxf2 18. Qd2 gxh6 19. Rxe8+ Qxe8 
20. Qxf2 Bd7 21. Ne3 Qe5 22. Rf1 Be6 23. Ng4 Qg5 24. Kh2 Bc4 25. Re1 Kg7 
26. Ne3 Be6 27. Rf1 Bxd4 28. cxd4 f5 29. g3 Rf8 30. Qe1 Qh5 31. d5 Bd7 
32. Qc3+ Ne5 33. Bd1 Qg5 34. Ng2 c5 35. Qxa5 b5 36. Qc7 Qf6 37. Be2 Kh8 
38. Nf4 Rc8 39. Qa7 Rg8 40. Rf2 b4 41. a3 bxa3 42. Qxa3 Ng6 43. Nxg6+ Qxg6 
44. Qc3+ Kh7 45. h4 Qf7 46. Qf3 Re8 47. b3 Re7 48. g4 Qf6 49. Qg3 Qd4 
50. gxf5 Bxf5 51. Rxf5 Rxe2+ 52. Kh3 Re3 53. Rf7+ Kh8 54. Rf8+ Kh7 55. Rf7+ Kh8 
56. Rf8+ Kh7 57. Rf7+ 1/2-1/2

[Event "Sunday 22 April Rapid Engine Tour 12+1 Rounds 9 Starts 1600ST"]
[Site "Infinity Chess"]
[Date "2018.4.22"]
[Round "7"]
[White "MarioDeMonti"]
[Black "Time_bandit"]
[Result "1/2-1/2"]
[ECO "C55"]
[WhiteElo "2472"]
[BlackElo "2470"]
[WhiteEngine "stockfish_x64_bmi2_2018_02_18_CTG"]
[BlackEngine "asmFishW_2018-04-11_bmi2"]
[EventType "Swiss"]
[WhiteTeam ""]
[BlackTeam ""]
[PlyCount "279"]
[TimeControl "720+1"]

1. e4 e5 2. Nf3 Nc6 3. Bc4 Nf6 4. d3 Bc5 5. O-O d6 6. c3 a5 7. Re1 O-O 
8. Nbd2 h6 9. h3 Be6 10. Bb5 Qb8 11. Nf1 Qa7 12. Ne3 a4 13. Re2 Rfd8 
14. Bxc6 bxc6 15. Nf1 Qa6 16. Ng3 Re8 17. Re1 Rad8 18. Qc2 Rb8 19. Qd1 Qb6 
20. Re2 Qa5 21. Rc2 Qa6 22. c4 Qc8 23. Be3 Bxe3 24. fxe3 Rb6 25. Rf2 Rb4 
26. Rc1 Qd7 27. Qc2 Reb8 28. Rb1 c5 29. Ne2 Nh7 30. Qd2 Ng5 31. Nc3 Nxf3+ 
32. Rxf3 c6 33. Qc2 Qa7 34. Rf2 Qa5 35. Kh1 Kh7 36. Qd1 Qa8 37. Qf3 Qb7 
38. Kh2 Qe7 39. Qg3 Qa7 40. Kg1 Kh8 41. Kh2 Kh7 42. Qf3 Ra8 43. Qg3 Kh8 
44. Rbf1 Rab8 45. Rb1 Kg8 46. Qf3 Ra8 47. Qe2 Kh7 48. Qd2 Qe7 49. Qc2 Qa7 
50. Qe2 Rbb8 51. Rc1 Qe7 52. Rcf1 Qg5 53. Rc1 Rb7 54. Re1 Qh4 55. Qf1 Qg5 
56. Qe2 Qh4 57. Qf1 Kg6 58. Qe2 Rba7 59. Kg1 Kh7 60. Ref1 Rg8 61. Rf3 Kh8 
62. Qc2 h5 63. Rb1 Kh7 64. Rff1 Rga8 65. Ne2 Rf8 66. Rf2 Rb8 67. Nc3 Kg8 
68. Qd2 Rb4 69. a3 Rb3 70. Rd1 Ra8 71. Rdf1 Qe7 72. Qe2 Qh4 73. Qd2 Qd8 
74. Kh2 Ra7 75. Rb1 Qh4 76. Rff1 Rb8 77. Qc2 Qg5 78. Qd2 Kh7 79. Rf2 Qh4 
80. Rbf1 Qg5 81. Kh1 f6 82. Rf3 Rf8 83. Kh2 Rb8 84. Qc2 Rba8 85. g3 Kg8 
86. Qd1 Qh6 87. Kg2 Kf8 88. Re1 Qg6 89. Ref1 Kg8 90. R3f2 Kh7 91. Qc2 Qg5 
92. Rf3 Kh6 93. Rh1 Kg6 94. Rhf1 Kh7 95. Re1 Qg6 96. Rf2 Qe8 97. Rh1 Kg8 
98. Qd1 Qg6 99. Qe2 Rb8 100. Kh2 Qh6 101. Re1 Rba8 102. Ref1 Qg6 103. Rg2 Ra5 
104. Rh1 Rb8 105. Rhg1 Qh6 106. Rd1 Ra7 107. Rdg1 Rb3 108. Re1 Rb6 109. Rf1 Rba6 
110. Rh1 Rb6 111. Kg1 Qg5 112. Kh2 Ra8 113. Rf1 Qh6 114. Rff2 Rb7 115. Rf1 Bd7 
116. Rfg1 Bg4 117. Qf2 Bd7 118. Rh1 Rb3 119. Re1 Qg6 120. Qe2 Be6 121. Qd1 f5 
122. Nxa4 Rab8 123. Nc3 Rxb2 124. Rxb2 Rxb2+ 125. Re2 Rb8 126. Rf2 Qg5 
127. Qd2 Rb3 128. a4 Bd7 129. Rf1 f4 130. exf4 exf4 131. Rxf4 Qe5 132. Nd1 Be6 
133. Nf2 Rb4 134. a5 Rb2 135. Qe1 Ra2 136. Qb1 Rb2 137. Qc1 Ra2 138. Qb1 Rb2 
139. Qc1 Ra2 140. Qb1 1/2-1/2

[Event "Sunday 22 April Rapid Engine Tour 12+1 Rounds 9 Starts 1600ST"]
[Site "Infinity Chess"]
[Date "2018.4.22"]
[Round "7"]
[White "SkyPilot"]
[Black "Katzenmaier"]
[Result "1/2-1/2"]
[ECO "C53"]
[WhiteElo "2467"]
[BlackElo "2510"]
[WhiteEngine "stockfish_x64_bmi2_2018_04_07_CTG"]
[BlackEngine "Raubfisch ME262_GTZ17a."]
[EventType "Swiss"]
[WhiteTeam ""]
[BlackTeam ""]
[PlyCount "175"]
[TimeControl "720+1"]

1. e4 e5 2. Nf3 Nc6 3. Bc4 Bc5 4. c3 Nf6 5. d3 d6 6. O-O O-O 7. Bg5 h6 8. Bh4 a6 
9. Nbd2 Ba7 10. Bb3 g5 11. Bg3 Na5 12. Ba4 Nh5 13. b4 Nxg3 14. hxg3 Nc6 
15. Bxc6 bxc6 16. Nb3 Re8 17. Qd2 Rb8 18. Rfe1 Bd7 19. Rac1 Qe7 20. a3 Qe6 
21. Na5 Bb6 22. Nc4 Ba7 23. Rcd1 Kg7 24. Ra1 Qg6 25. a4 Kh8 26. Ne3 f6 
27. Qe2 h5 28. Rad1 Ra8 29. a5 Kg7 30. Nd2 Rh8 31. Ndf1 Bxe3 32. Nxe3 g4 
33. f4 exf4 34. gxf4 g3 35. Nf5+ Kf7 36. Nd4 Rae8 37. Qa2+ Kf8 38. Qd2 h4 
39. f5 Qg5 40. Qxg5 fxg5 41. Nc2 Kg7 42. Ne3 Rhf8 43. Ng4 Rh8 44. Rf1 Rhf8 
45. Rb1 Rb8 46. Rbe1 Rb5 47. d4 Rbb8 48. Ne3 Rbe8 49. Ng4 Rb8 50. Ne3 Rbe8 
51. Ng4 Rf7 52. Kh1 Bc8 53. c4 Bd7 54. Kg1 Rff8 55. Re3 Rb8 56. Rb3 Rbe8 
57. Re3 Rb8 58. Rb3 Be8 59. e5 Bh5 60. Ne3 dxe5 61. dxe5 Rfd8 62. f6+ Kf7 
63. Rf5 Ke6 64. Rxg5 Be2 65. Rb2 Bd3 66. Rg4 c5 67. b5 axb5 68. Rxb5 Rxb5 
69. cxb5 Kxe5 70. f7 Rf8 71. Rxh4 Rxf7 72. b6 cxb6 73. axb6 Rb7 74. Nc4+ Bxc4 
75. Rxc4 Kd5 76. Rg4 c4 77. Rxg3 c3 78. Rxc3 Rxb6 79. Re3 Rb8 80. Rf3 Ke5 
81. Kf1 Ke4 82. Ke1 Rb1+ 83. Kf2 Rb6 84. g4 Rb1 85. Kg2 Rc1 86. Kf2 Rb1 
87. Rf6 Rb3 88. g5 1/2-1/2

[Event "Sunday 22 April Rapid Engine Tour 12+1 Rounds 9 Starts 1600ST"]
[Site "Infinity Chess"]
[Date "2018.4.22"]
[Round "7"]
[White "star99"]
[Black "Marsell"]
[Result "1/2-1/2 "]
[ECO "C77"]
[WhiteElo "2500"]
[BlackElo "2474"]
[WhiteEngine "Cryptic Heroes 9.4B"]
[BlackEngine "BrainFish_180418_x64_bmi2"]
[EventType "Swiss"]
[WhiteTeam ""]
[BlackTeam ""]
[PlyCount "258"]
[TimeControl "720+1"]

1. e4 e5 2. Nf3 Nc6 3. Bb5 a6 4. Ba4 Nf6 5. d3 Bc5 6. O-O b5 7. Bb3 d6 8. c3 O-O 
9. Nbd2 Bb6 10. a4 Bd7 11. Bc2 Re8 12. Re1 h6 13. h3 Ne7 14. Nf1 c5 15. Ng3 Ng6 
16. Bd2 d5 17. Qc1 dxe4 18. dxe4 c4 19. Nf5 Bc5 20. b4 Bf8 21. Ng3 Qc7 
22. Be3 Bc6 23. Qb1 Rad8 24. Rd1 Ra8 25. Re1 Rad8 26. Rd1 Rb8 27. Re1 Ra8 
28. Kh2 Reb8 29. Rd1 Qb7 30. Rd2 Re8 31. Rd1 Qc7 32. Re1 Qd7 33. Rd1 Qb7 
34. Ra2 Reb8 35. Nd2 Qc8 36. Nf3 Qb7 37. Nd2 Qc7 38. Nf3 Re8 39. Re1 Re6 
40. Rd1 Ree8 41. Re1 Qb7 42. Rd1 Rec8 43. Ra1 Rcb8 44. Rd2 Re8 45. Rd1 Bd7 
46. a5 Bc6 47. Ng1 Nf4 48. f3 Ne6 49. Nf5 Red8 50. Ne2 Kh7 51. Bb6 Rxd1 
52. Qxd1 g6 53. Nfg3 Re8 54. Qe1 Re7 55. Nh1 h5 56. Be3 Rd7 57. Nf2 Ne8 
58. h4 Kg8 59. Nh3 Rd6 60. Rd1 Rxd1 61. Qxd1 Be7 62. Qe1 Qd7 63. Qg3 N8c7 
64. Kg1 Qd8 65. Kf1 Bf6 66. Kg1 Qe7 67. Ng5 Nxg5 68. hxg5 Bg7 69. Kf2 Qd7 
70. Kf1 Qe7 71. Bc5 Qd8 72. Bb6 Qe7 73. Bf2 Ne6 74. Be3 Bb7 75. Bc1 Bc6 
76. Be3 Qd7 77. Nc1 Qe8 78. Ne2 Bd7 79. Ng1 Qd8 80. Bd1 Nd4 81. Qf2 Ne6 
82. Qd2 Nf4 83. Ne2 Ne6 84. Ng1 Qc8 85. Nh3 Bc6 86. g3 Bf8 87. Nf2 Be7 
88. f4 Qd7 89. Bf3 Qxd2 90. Bxd2 Kg7 91. Bg2 f6 92. gxf6+ Kxf6 93. Nh3 Kf7 
94. Kf2 Bf6 95. Bf3 Bb7 96. Kf1 Ng7 97. Kf2 Ne6 98. Ng5+ Bxg5 99. fxg5 Nd8 
100. Be3 Ke6 101. Bh1 Nf7 102. Bd2 Nd6 103. Ke3 Bc6 104. Bf3 Ke7 105. Bg2 Ke6 
106. Bh1 Nf7 107. Kf3 Ke7 108. Bg2 Kd8 109. Ke2 Kc8 110. Kf2 Kd7 111. Kf3 Nd6 
112. Ke3 Ke8 113. Bf3 Ke7 114. Bg2 Kd7 115. Bc1 Bb7 116. Bd2 Bc6 117. Bh3+ Kc7 
118. Bg2 Bd7 119. Bc1 Nf7 120. Kf2 Bg4 121. Bf3 Be6 122. Bd1 Nd6 123. Bc2 Bg4 
124. Bd2 Nf7 125. Bc1 Kd7 126. Bd2 Kc7 127. Bc1 Nd6 128. Ke3 Bd7 129. Kf3 Bc6 
1/2-1/2

[Event "Sunday 22 April Rapid Engine Tour 12+1 Rounds 9 Starts 1600ST"]
[Site "Infinity Chess"]
[Date "2018.4.22"]
[Round "7"]
[White "Gilgamesch"]
[Black "Susanne"]
[Result "1/2-1/2"]
[ECO "B30"]
[WhiteElo "2481"]
[BlackElo "2531"]
[WhiteEngine "BrainFish_180408_x64_bmi2"]
[BlackEngine "asmFishW_IX_bmi2_CTG"]
[EventType "Swiss"]
[WhiteTeam ""]
[BlackTeam ""]
[PlyCount "70"]
[TimeControl "720+1"]

1. e4 c5 2. Nf3 Nc6 3. Bb5 e6 4. O-O Nge7 5. d4 cxd4 6. Nxd4 Qb6 7. Nxc6 bxc6 
8. Be2 Ng6 9. c4 Be7 10. Be3 c5 11. Qd2 O-O 12. Nc3 Bb7 13. f4 a6 14. f5 Ne5 
15. b3 d6 16. Rad1 Rad8 17. g4 Qc6 18. g5 f6 19. Bh5 g6 20. fxe6 Qc8 
21. gxf6 Rxf6 22. Rxf6 Bxf6 23. Nd5 Bxd5 24. Qxd5 gxh5 25. e7+ Kg7 
26. exd8=Q Qg4+ 27. Kf1 Qf3+ 28. Bf2 Bxd8 29. Qxd6 Qh1+ 30. Ke2 Qxe4+ 
31. Kf1 Qh1+ 32. Ke2 Qf3+ 33. Kf1 Qh1+ 34. Ke2 Qe4+ 35. Kf1 Qh1+ 1/2-1/2

[Event "Sunday 22 April Rapid Engine Tour 12+1 Rounds 9 Starts 1600ST"]
[Site "Infinity Chess"]
[Date "2018.4.22"]
[Round "6"]
[White "angriff"]
[Black "hafaba"]
[Result "1/2-1/2"]
[ECO "C55"]
[WhiteElo "2386"]
[BlackElo "2445"]
[WhiteEngine "DracoREX 3.07 64BIT POPCNT_CTG"]
[BlackEngine "Eman 1.70-beta21 64-bit POPCNT_CTG"]
[EventType "Swiss"]
[WhiteTeam ""]
[BlackTeam ""]
[PlyCount "143"]
[TimeControl "720+1"]

1. e4 e5 2. Nf3 Nc6 3. Bc4 Nf6 4. d3 Bc5 5. O-O d6 6. c3 O-O 7. h3 a5 8. Nbd2 h6 
9. Re1 Be6 10. Bb5 Qb8 11. Nf1 Qa7 12. Re2 a4 13. Ng3 Qa5 14. Bxc6 bxc6 
15. Nh4 Rfe8 16. Re1 d5 17. exd5 cxd5 18. Rxe5 Bf8 19. Qc2 c5 20. Bd2 Nd7 
21. Re2 c4 22. d4 a3 23. bxa3 Qa4 24. Qc1 Bxa3 25. Qe1 Nf6 26. Nf3 Rab8 
27. Ne5 Bb2 28. Rb1 h5 29. h4 Rb6 30. Kh2 Qa7 31. f3 Qc7 32. Rd1 Ba3 33. Bg5 Bc8 
34. Kg1 Bf8 35. Qd2 Qb7 36. Qc2 Nh7 37. Bf4 g6 38. Rde1 Bg7 39. Bc1 Ra6 
40. f4 f5 41. Qd1 Bf8 42. Rb2 Qa7 43. a4 Ree6 44. Nf1 Kg7 45. Ra2 Nf6 
46. Ba3 Bxa3 47. Rxa3 Ne4 48. Qc1 Rxa4 49. Rxa4 Qxa4 50. Nd2 Qa7 51. Nxe4 fxe4 
52. Rf1 Rf6 53. f5 Bxf5 54. g4 hxg4 55. Qg5 Qb6 56. h5 Qe6 57. Ra1 Qe7 
58. hxg6 Bxg6 59. Qxg4 e3 60. Ra2 Qb7 61. Kh2 Qb6 62. Qd7+ Bf7 63. Qg4+ Bg6 
64. Kg2 Rf8 65. Qg5 Rf2+ 66. Rxf2 exf2 67. Nxg6 Qxg6 68. Qxg6+ Kxg6 69. Kxf2 Kf6 
70. Ke1 Kg5 71. Ke2 Kg4 72. Ke3 1/2-1/2

[Event "Sunday 22 April Rapid Engine Tour 12+1 Rounds 9 Starts 1600ST"]
[Site "Infinity Chess"]
[Date "2018.4.22"]
[Round "6"]
[White "ocirema"]
[Black "Dovahkiin"]
[Result "1/2-1/2"]
[ECO "C50"]
[WhiteElo "2420"]
[BlackElo "2363"]
[WhiteEngine "stockfish_18041820_x64_modern_CTG"]
[BlackEngine "BrainFish_180418_x64_modern_CTG"]
[EventType "Swiss"]
[WhiteTeam ""]
[BlackTeam ""]
[PlyCount "54"]
[TimeControl "720+1"]

1. e4 e5 2. Nf3 Nc6 3. Bc4 Bc5 4. O-O Nf6 5. d3 d6 6. c3 O-O 7. Nbd2 a5 
8. Re1 Be6 9. Bb5 h6 10. h3 Qb8 11. Nf1 Qa7 12. Be3 Bxe3 13. Nxe3 Ne7 14. a4 Ng6 
15. Bc4 Bxc4 16. Nxc4 Qa6 17. g3 Rfe8 18. Ne3 Rad8 19. h4 Qc6 20. Nd2 b6 
21. Ndc4 Re6 22. Qf3 Ne7 23. Re2 Re8 24. Nd2 Qd7 25. Ndc4 Qc6 26. Nd2 Qd7 
27. Ndc4 Qc6 1/2-1/2

[Event "Sunday 22 April Rapid Engine Tour 12+1 Rounds 9 Starts 1600ST"]
[Site "Infinity Chess"]
[Date "2018.4.22"]
[Round "6"]
[White "Thinker"]
[Black "MedusaV3"]
[Result "1/2-1/2"]
[ECO "C55"]
[WhiteElo "2457"]
[BlackElo "2398"]
[WhiteEngine "stockfish_18041820_x64_modern_CTG"]
[BlackEngine "Eman 1.70-beta23 64-bit BMI2_CTG"]
[EventType "Swiss"]
[WhiteTeam ""]
[BlackTeam ""]
[PlyCount "90"]
[TimeControl "720+1"]

1. e4 e5 2. Nf3 Nc6 3. Bc4 Nf6 4. d3 Bc5 5. c3 d6 6. O-O a5 7. Re1 O-O 8. h3 h6 
9. Nbd2 a4 10. Bb5 Bd7 11. Nf1 Qb8 12. Ng3 Qa7 13. Rf1 Kh7 14. Nh4 Ng8 
15. Rb1 Be6 16. b4 axb3 17. axb3 Nce7 18. Qc2 Ba3 19. Be3 Bc5 20. Bd2 Bb6 
21. Bc4 Bxc4 22. bxc4 Qa4 23. Qc1 Qd7 24. Nf3 f5 25. Nxf5 Nxf5 26. exf5 Qxf5 
27. d4 Ne7 28. dxe5 dxe5 29. Rb5 Ra5 30. Rxa5 Bxa5 31. Qa3 Nc6 32. Be3 Rd8 
33. Rc1 Rd3 34. Ne1 Rd8 35. c5 e4 36. Qb2 Qd5 37. Qxb7 Rb8 38. Qa6 Rb3 
39. c4 Qd7 40. Kh2 Rb2 41. Kh1 Rb3 42. Ra1 Bc3 43. Rc1 Ba5 44. Ra1 Bc3 
45. Rc1 Ba5 1/2-1/2

[Event "Sunday 22 April Rapid Engine Tour 12+1 Rounds 9 Starts 1600ST"]
[Site "Infinity Chess"]
[Date "2018.4.22"]
[Round "6"]
[White "IronMan"]
[Black "Time_bandit"]
[Result "1/2-1/2"]
[ECO "D02"]
[WhiteElo "2444"]
[BlackElo "2471"]
[WhiteEngine "Eman 170b23-EXP3"]
[BlackEngine "asmFishW_2018-04-11_bmi2"]
[EventType "Swiss"]
[WhiteTeam ""]
[BlackTeam ""]
[PlyCount "205"]
[TimeControl "720+1"]

1. d4 d5 2. Nf3 Nf6 3. c4 e6 4. Nc3 c6 5. e3 Nbd7 6. Bd3 dxc4 7. Bxc4 b5 
8. Be2 Bb7 9. O-O Be7 10. a3 a5 11. b3 O-O 12. Bb2 b4 13. axb4 axb4 14. Na4 c5 
15. Nd2 cxd4 16. Bxd4 Qb8 17. Nc4 Rd8 18. Qc2 Bd5 19. Rfd1 Rc8 20. Qb1 Bd8 
21. Qc2 Bc7 22. h3 h6 23. Rac1 Bh2+ 24. Kh1 Bc7 25. Kg1 Bh2+ 26. Kh1 Be5 
27. Kg1 Rc6 28. Qb2 Bh2+ 29. Kh1 Bc7 30. f4 Qb7 31. Kg1 Re8 32. Ne5 Nxe5 
33. fxe5 Nd7 34. Rxc6 Bxc6 35. Rc1 Bb8 36. Bd3 Rf8 37. Nc5 Nxc5 38. Rxc5 Ba7 
39. Rc2 Rd8 40. Kh2 Bb8 41. Kg1 Ba7 42. Kh2 Bd5 43. Rc1 Bb6 44. Ra1 Qc7 
45. Bc4 Be4 46. Qf2 Qb8 47. Rf1 Rd7 48. Qf4 Bg6 49. Rd1 Kh7 50. Kg1 Bc7 
51. Rf1 Bb6 52. Rd1 Bxd4 53. exd4 Qa8 54. Kh2 Kg8 55. Rd2 Qb7 56. Qf3 Be4 
57. Qe2 Kh7 58. Qe3 Kh8 59. Re2 Bg6 60. Ra2 Kg8 61. Re2 Rd8 62. Qf4 Qa8 
63. Qh4 Rd7 64. Qg4 Bf5 65. Qf4 Bb1 66. Re1 Bg6 67. Qg4 Qc6 68. Re2 Kh7 
69. h4 h5 70. Qf4 Qa8 71. Rd2 Qa1 72. d5 exd5 73. Rxd5 Rxd5 74. Bxd5 Qe1 
75. Bc4 Kg8 76. Qg3 Qe4 77. Qg5 Kh8 78. Kg3 Qb1 79. Qe3 Qd1 80. Qf4 Qc2 
81. Kh2 Be4 82. Qg3 Bg6 83. e6 fxe6 84. Bxe6 Kh7 85. Bc4 Kh6 86. Bg8 Qc1 
87. Qb8 Qd2 88. Qc7 Be4 89. Qg3 g6 90. Bc4 g5 91. hxg5+ Qxg5 92. Qd6+ Kh7 
93. g3 Qf5 94. Qb6 Qe5 95. Kh3 Bf5+ 96. Kg2 h4 97. gxh4 Qe4+ 98. Kf1 Bh3+ 
99. Kf2 Qxh4+ 100. Ke3 Qe7+ 101. Kd2 Qg5+ 102. Qe3 Qxe3+ 103. Kxe3 1/2-1/2

[Event "Sunday 22 April Rapid Engine Tour 12+1 Rounds 9 Starts 1600ST"]
[Site "Infinity Chess"]
[Date "2018.4.22"]
[Round "6"]
[White "Marsell"]
[Black "MarioDeMonti"]
[Result "1/2-1/2"]
[ECO "C55"]
[WhiteElo "2474"]
[BlackElo "2472"]
[WhiteEngine "BrainFish_180418_x64_bmi2"]
[BlackEngine "stockfish_x64_bmi2_2018_02_18_CTG"]
[EventType "Swiss"]
[WhiteTeam ""]
[BlackTeam ""]
[PlyCount "130"]
[TimeControl "720+1"]

1. e4 e5 2. Nf3 Nc6 3. Bc4 Nf6 4. d3 Bc5 5. c3 d6 6. O-O O-O 7. h3 a5 8. Nbd2 h6 
9. Re1 Be6 10. b3 Bb6 11. a4 d5 12. Bb5 Ne7 13. exd5 Nfxd5 14. Qc2 c6 
15. Bc4 Ng6 16. d4 Ndf4 17. dxe5 Nh4 18. Bf1 Bd5 19. Re4 Nfg6 20. Bc4 Re8 
21. g3 Qd7 22. Bxd5 Nxf3+ 23. Nxf3 cxd5 24. Rg4 Qc6 25. Bb2 Nxe5 26. Nxe5 Rxe5 
27. c4 Rg5 28. Rxg5 hxg5 29. Rc1 dxc4 30. Qxc4 Qxc4 31. Rxc4 Rd8 32. Bc3 Rd1+ 
33. Kg2 Rb1 34. Rc8+ Kh7 35. Ra8 Rxb3 36. Bxa5 Bxa5 37. Rxa5 Kg6 38. Rd5 Rb4 
39. a5 Rb3 40. Rc5 Rb2 41. h4 gxh4 42. gxh4 Rb3 43. Rc7 Ra3 44. Rxb7 Rxa5 
45. Kg3 f6 46. f3 Ra1 47. Rb6 Rg1+ 48. Kf4 Ra1 49. Kg4 Kh7 50. Kf5 Rg1 
51. Rb7 Kh6 52. Kf4 Ra1 53. Kg4 Rf1 54. Rd7 Rg1+ 55. Kf5 Rh1 56. Kg4 Kg6 
57. Ra7 Rg1+ 58. Kf4 Kh5 59. Ra8 g5+ 60. hxg5 fxg5+ 61. Kf5 Kh4 62. f4 gxf4 
63. Rh8+ Kg3 64. Rg8+ Kf2 65. Rxg1 Kxg1 1/2-1/2

[Event "Sunday 22 April Rapid Engine Tour 12+1 Rounds 9 Starts 1600ST"]
[Site "Infinity Chess"]
[Date "2018.4.22"]
[Round "6"]
[White "Gilgamesch"]
[Black "SkyPilot"]
[Result "1/2-1/2"]
[ECO "C55"]
[WhiteElo "2482"]
[BlackElo "2466"]
[WhiteEngine "BrainFish_180408_x64_bmi2"]
[BlackEngine "stockfish_x64_bmi2_2018_04_07_CTG"]
[EventType "Swiss"]
[WhiteTeam ""]
[BlackTeam ""]
[PlyCount "85"]
[TimeControl "720+1"]

1. e4 e5 2. Nf3 Nc6 3. Bc4 Nf6 4. d3 Bc5 5. c3 d6 6. O-O O-O 7. h3 a5 8. Bb3 h6 
9. Re1 Bb6 10. Nbd2 Be6 11. Bxe6 fxe6 12. Nc4 Ba7 13. Be3 Qe8 14. Bxa7 Rxa7 
15. Re3 Ra8 16. a4 Nh5 17. Qb3 b6 18. Ncd2 Rf7 19. Qb5 Na7 20. Qc4 Nc6 
21. g3 Qd7 22. d4 exd4 23. Nxd4 Nxd4 24. cxd4 Raf8 25. Qb3 e5 26. dxe5 Qxh3 
27. Rf3 dxe5 28. Rxf7 Rxf7 29. Rc1 Kf8 30. Nc4 Qe6 31. Nxa5 Qf6 32. Rc2 Nxg3 
33. fxg3 Qf1+ 34. Kh2 Rf2+ 35. Rxf2+ Qxf2+ 36. Kh3 Qf1+ 37. Kg4 Qe2+ 
38. Kh3 Qxe4 39. Nc4 Qh1+ 40. Kg4 Qe4+ 41. Kh3 Qh1+ 42. Kg4 Qe4+ 43. Kh3 1/2-1/2

[Event "Sunday 22 April Rapid Engine Tour 12+1 Rounds 9 Starts 1600ST"]
[Site "Infinity Chess"]
[Date "2018.4.22"]
[Round "6"]
[White "Katzenmaier"]
[Black "star99"]
[Result "1/2-1/2 "]
[ECO "A20"]
[WhiteElo "2510"]
[BlackElo "2500"]
[WhiteEngine "Raubfisch ME262_GTZ17a."]
[BlackEngine "Cryptic Heroes 9.4B"]
[EventType "Swiss"]
[WhiteTeam ""]
[BlackTeam ""]
[PlyCount "218"]
[TimeControl "720+1"]

1. c4 e5 2. e3 Nf6 3. Nc3 Bb4 4. Nge2 O-O 5. a3 Be7 6. d4 exd4 7. Qxd4 Re8 
8. Ng3 Nc6 9. Qd2 h5 10. Be2 g6 11. b3 Bf8 12. Bb2 Bg7 13. Rd1 d6 14. h3 a6 
15. Qc1 Qe7 16. Bd3 Nd4 17. b4 Nc6 18. Nge4 Be6 19. Nxf6+ Qxf6 20. Be2 a5 
21. b5 Ne5 22. Nd5 Bxd5 23. Rxd5 Qe6 24. O-O Nd7 25. Bxg7 Kxg7 26. Bf3 Red8 
27. h4 Qe7 28. a4 b6 29. g3 Rab8 30. Rdd1 Nc5 31. Bc6 f5 32. Bd5 Qf6 33. Qc2 Re8 
34. Kg2 Rbd8 35. Kh1 Re7 36. Kg1 Rf8 37. Kg2 Rfe8 38. Rfe1 Rf8 39. Re2 Ree8 
40. Red2 Re7 41. Re2 Kh7 42. Red2 Kg7 43. Rc1 Rfe8 44. Rdd1 Kh6 45. Re1 Kh7 
46. Bc6 Rf8 47. Red1 Kg7 48. Rf1 Rd8 49. Bd5 Ree8 50. Rce1 Rf8 51. Rh1 Kh7 
52. Rc1 Kg7 53. Rhd1 Rde8 54. Re1 Rh8 55. Rf1 Rb8 56. Rfd1 Rbd8 57. Rh1 Rdf8 
58. Rhg1 Re8 59. Rce1 Rhf8 60. Rc1 Re7 61. Ra1 Rfe8 62. Rgf1 Re5 63. Rfd1 R5e7 
64. Rh1 Kh7 65. Bc6 Rf8 66. Rhf1 Qg7 67. Rae1 Re6 68. Rd1 Ref6 69. Bd5 Re8 
70. Ra1 Ref8 71. Rac1 Rb8 72. Bc6 Rh8 73. Rcd1 Rhf8 74. Ra1 Kh6 75. Rfe1 Kh7 
76. f4 Re6 77. Rad1 Qf6 78. Bd5 Re7 79. Bc6 Rg8 80. Bd5 Rd8 81. Kh2 Rf8 
82. Kg2 Rd8 83. Rd2 Rde8 84. Rde2 Kg7 85. Bc6 Rc8 86. Rd2 Kh6 87. Rd5 Kg7 
88. Rdd1 Rg8 89. Bd5 Rh8 90. Re2 Rhe8 91. Bc6 Rd8 92. Rc1 Rh8 93. Rd1 Rc8 
94. Ree1 Rb8 95. Rc1 Rd8 96. Re2 Rf8 97. Qd1 Rh8 98. Qc2 Rc8 99. Rce1 Ne4 
100. Kh2 Rh8 101. Kg2 Rf8 102. Rc1 Nc5 103. Kg1 Rh8 104. Kh2 Ne4 105. Bd5 Ree8 
106. Bc6 Re7 107. Kg2 Nc5 108. Rf1 Ne4 109. Rc1 Rb8 1/2-1/2

[Event "Sunday 22 April Rapid Engine Tour 12+1 Rounds 9 Starts 1600ST"]
[Site "Infinity Chess"]
[Date "2018.4.22"]
[Round "6"]
[White "Susanne"]
[Black "Seliga"]
[Result "1-0"]
[ECO "C53"]
[WhiteElo "2517"]
[BlackElo "2471"]
[WhiteEngine "asmFishW_IX_bmi2_CTG"]
[BlackEngine "AsmFish A12_CTG"]
[EventType "Swiss"]
[WhiteTeam ""]
[BlackTeam ""]
[PlyCount "90"]
[TimeControl "720+1"]

1. e4 e5 2. Nf3 Nc6 3. Bc4 Bc5 4. c3 Nf6 5. d3 O-O 6. O-O d6 7. Re1 a5 8. Bg5 h6 
9. Bh4 Ba7 10. Na3 g5 11. Bg3 g4 12. Bh4 gxf3 13. Qxf3 Kg7 14. Rad1 h5 
15. h3 Rh8 16. Qg3+ Kf8 17. Nb5 Bb6 18. d4 Rg8 19. Qh2 exd4 20. cxd4 Qd7 
21. Rd3 Rg6 22. Qf4 Ng8 23. Ree3 d5 24. Rg3 dxc4 25. Rxg6 cxd3 26. Rxg8+ Kxg8 
27. Bf6 Qe7 28. e5 Kf8 29. Qh6+ Ke8 30. Bxe7 Nxe7 31. Qh8+ Kd7 32. Nc3 Ra6 
33. d5 Ba7 34. Qg7 Ke8 35. Ne4 Rg6 36. Nf6+ Rxf6 37. Qh8+ Kd7 38. Qxf6 d2 
39. e6+ fxe6 40. dxe6+ Kd6 41. Qf4+ Kxe6 42. Qh6+ Kd5 43. Qxd2+ Bd4 
44. Qxa5+ Kd6 45. Qxh5 c5 1-0

[Event "Sunday 22 April Rapid Engine Tour 12+1 Rounds 9 Starts 1600ST"]
[Site "Infinity Chess"]
[Date "2018.4.22"]
[Round "5"]
[White "Dovahkiin"]
[Black "angriff"]
[Result "1/2-1/2"]
[ECO "C50"]
[WhiteElo "2362"]
[BlackElo "2387"]
[WhiteEngine "BrainFish_180418_x64_modern_CTG"]
[BlackEngine "DracoREX 3.07 64BIT POPCNT_CTG"]
[EventType "Swiss"]
[WhiteTeam ""]
[BlackTeam ""]
[PlyCount "138"]
[TimeControl "720+1"]

1. e4 e5 2. Nf3 Nc6 3. Bc4 Bc5 4. O-O Nf6 5. d3 d6 6. c3 O-O 7. Re1 a5 8. Bb3 h6 
9. h3 Ba7 10. Nbd2 b5 11. a4 b4 12. Bc4 Be6 13. Bb5 Ne7 14. d4 c6 15. Bd3 Ng6 
16. Nf1 Nh5 17. Be3 Qc7 18. N1d2 bxc3 19. bxc3 Nhf4 20. Bf1 Rab8 21. Qc2 Rb7 
22. Reb1 Rbb8 23. Rxb8 Rxb8 24. Rc1 Kh8 25. Re1 f6 26. h4 Bg8 27. Nc4 Bf7 
28. g3 Ne6 29. Rb1 d5 30. exd5 cxd5 31. Na3 Ne7 32. Bh3 Qd8 33. Rxb8 Bxb8 
34. dxe5 fxe5 35. Qe2 Qc8 36. Qb2 Nc6 37. Bb6 Qe8 38. Nc2 e4 39. Nd2 Ne5 
40. Be3 Nd3 41. Qb5 Qxb5 42. axb5 Kg8 43. b6 a4 44. Bf1 Nec5 45. Bxd3 Nxd3 
46. c4 Kf8 47. Bd4 dxc4 48. Nxe4 Bg6 49. Nc3 Nxf2 50. Ne3 Ne4 51. Nxa4 Nxg3 
52. Kf2 Ne4+ 53. Kf3 Nd2+ 54. Ke2 Nb3 55. Bc3 Bh5+ 56. Kf2 g5 57. hxg5 hxg5 
58. Nxc4 Ke7 59. Be5 Bxe5 60. Nxe5 Kd6 61. Nc4+ Kc6 62. b7 Kc7 63. Nd6 Bg6 
64. Kg3 Na5 65. Nf7 Kb8 66. Nxg5 Nb3 67. Nf3 Bh5 68. Kf4 Bxf3 69. Kxf3 Kxb7 
1/2-1/2